Flyers vs Blues

Created - 22 décembre 2015 at 19:02

Goals
1 2 3 T
Flyers 0 0 0 0
Blues 1 0 0 1
Shots
1 2 3 T
Flyers 14 7 6 27
Blues 14 6 5 25

1st period

1. Blues , Nik Antropov 13 (Andrew Cogliano, Kyle Okposo) at 18:43

Penalties :
David Jones (STL) for Hooking (Minor) at 7:38

2nd period

No Goal

Penalties :
Nicklas Backstrom (STL) for Tripping (Minor) at 2:48, Matthew Lombardi (Phi) for Roughing (Minor) at 10:17, Taylor Pyatt (STL) for Tripping (Minor) at 12:41, Matt Smaby (Phi) for High sticking (Minor) at 15:19

3rd period

No Goal

Penalties :
Tyler Arnason (STL) for Roughing (Minor) at 2:40, Loui Eriksson (Phi) for Hooking (Minor) at 8:48, David Jones (STL) for Roughing (Minor) at 17:52

Goalie Stats

Cory Schneider (Phi), 24 saves from 25 shots - (0,960), L, 6-3-2, 60:00 minutes
Tuukka Rask (STL), 27 saves from 27 shots - (1,000), W, 15-10-1, 60:00 minutes

Players Stats for Flyers

Player Name              G  A  P  +/- PIM S  H  SB GA TA FO     MP     PP MP  PK MP  
------------------------------------------------------------------------------------
Dany Heatley             0  0  0   0  0   2  1  1  0  1  0/0    19:55   4:23   2:25 
James Wisniewski         0  0  0   0  0   0  1  1  1  0  0/0    12:58   0:00   0:56 
Jeff Carter              0  0  0   0  0   3  2  0  0  0  9/18   20:05   4:23   2:19 
Jeff O'Neill             0  0  0   0  0   0  0  0  1  0  1/2     9:34   1:05   0:44 
Jeff Woywitka            0  0  0  -1  0   1  1  3  0  0  0/0    25:19   4:53   2:38 
Jonathan Ericsson        0  0  0  -1  0   1  1  0  2  0  0/0    25:19   4:53   2:38 
Kyle Wellwood            0  0  0  -1  0   1  0  1  0  0  12/24  19:19   4:27   1:01 
Loui Eriksson            0  0  0  -1  2   5  3  0  1  0  0/1    18:36   4:34   0:00 
Martin St. Louis         0  0  0   0  0   3  2  0  1  0  0/3    17:17   4:16   0:00 
Matt Smaby               0  0  0   0  2   1  0  4  0  0  0/0    22:02   5:02   2:23 
Matthew Lombardi         0  0  0   0  2   1  1  1  0  1  3/5    10:56   0:00   1:53 
Michael Ryder            0  0  0   0  0   0  0  0  0  0  0/0    10:10   1:05   0:00 
Michel Ouellet           0  0  0   0  0   1  0  0  0  1  0/0    10:34   0:00   2:55 
Mike York                0  0  0   0  0   2  0  0  0  0  0/0     9:49   1:05   0:37 
Patrick Marleau          0  0  0  -1  0   2  1  0  1  0  1/2    18:23   4:27   0:00 
Robyn Regehr             0  0  0   0  0   0  1  1  0  0  0/0    14:41   0:00   3:15 
Rostislav Olesz          0  0  0   0  0   2  0  0  0  0  0/0     9:03   0:00   0:00 
Stephane Robidas         0  0  0   0  0   2  2  0  0  0  0/0    20:00   5:02   0:04 

Players Stats for Blues

Player Name              G  A  P  +/- PIM S  H  SB GA TA FO     MP     PP MP  PK MP  
------------------------------------------------------------------------------------
Andrew Cogliano          0  1  1   1  0   2  0  0  0  0  0/0    15:21   0:52   4:19 
Bryce Lampman            0  0  0   1  0   0  2  1  1  1  0/0    23:12   2:38   4:59 
David Jones              0  0  0   0  4   0  0  2  0  0  0/0    13:16   0:00   0:00 
David Perron             0  0  0   0  0   3  3  0  0  0  0/1    16:51   2:48   0:39 
Drew Fata                0  0  0   0  0   1  1  1  0  1  0/0    17:21   0:00   5:02 
Jake Gardiner            0  0  0   0  0   1  0  0  0  1  0/0    17:26   3:19   4:53 
Joe Pavelski             0  0  0   0  0   2  2  0  0  0  0/0    16:31   3:09   0:00 
Kevin Shattenkirk        0  0  0   0  0   1  0  1  0  0  0/0    16:11   2:38   0:15 
Kyle Okposo              0  1  1   1  0   0  0  0  0  1  0/0    16:04   1:56   3:04 
Lee Stempniak            0  0  0   0  0   1  2  0  0  0  0/0     6:35   0:00   0:00 
Mike Green               0  0  0   1  0   1  0  0  1  0  0/0    22:49   3:19   0:00 
Nicklas Backstrom        0  0  0   0  2   4  0  1  0  0  8/11   16:51   2:48   1:01 
Nik Antropov             1  0  1   1  0   2  2  0  0  1  12/17  16:02   0:00   5:14 
Paul Kariya              0  0  0   0  0   1  2  0  1  0  0/0    16:24   3:09   0:00 
Steve Montador           0  0  0   0  0   3  2  0  0  2  0/0    23:01   0:00   4:41 
Taylor Pyatt             0  0  0   0  2   2  0  0  0  0  0/1    11:28   0:00   4:00 
Travis Zajac             0  0  0   0  0   0  3  0  0  0  9/22   16:24   3:09   0:00 
Tyler Arnason            0  0  0   0  2   1  3  0  0  0  0/3     8:13   0:00   1:33 

3 Stars

1 - Tuukka Rask (STL)
2 - Cory Schneider (Phi)
3 - Nik Antropov (STL)

Power Play

Flyers - 0 on 5 Attempt(s) - 0,00%
Blues - 0 on 3 Attempt(s) - 0,00%

Penalty Kill

Flyers - 3 on 3 Attempt(s) - 100,00% - Score 0 goal in Penalty Kill
Blues - 5 on 5 Attempt(s) - 100,00% - Score 0 goal in Penalty Kill

Team Stat

Flyers - Hits : 16 - Faceoff Wins : 26 - Blocked Shots : 12 - Penalty Minutes : 6
Blues - Hits : 22 - Faceoff Wins : 29 - Blocked Shots : 6 - Penalty Minutes : 10

Official

Referees : Pollock Kevin and Watson Brad
Linesman : Brad Lazarowich and Tim Nowak

Game Notes

No Game Note

Finance

Level 1 -- Attendance: 5551 (92,52%) -- Ticket Income 466 284 $
Level 2 -- Attendance: 5000 (100,00%) -- Ticket Income 260 000 $
Level 3 -- Attendance: 2000 (100,00%) -- Ticket Income 60 000 $
Level 4 -- Attendance: 4000 (100,00%) -- Ticket Income 76 000 $
Luxury Box -- Attendance: 982 (98,20%) -- Ticket Income 165 958 $
Game was played at the Scotttrade center'
Total Attendance: 17533 (97,41%)
Total Ticket Income: 1 028 242 $
Other Income: 154 236 $
Total Income: 1 182 478 $

Flyers

5 vs 5 Forward 
   Center                   Left Wing                Right Wing               Time % Phy DF OF 
 1 Jeff Carter              Dany Heatley             Martin St. Louis         35     1   0  4  
 2 Kyle Wellwood            Patrick Marleau          Loui Eriksson            35     0   0  5  
 3 Matthew Lombardi         Rostislav Olesz          Michael Ryder            15     0   3  2  
 4 Jeff O'Neill             Mike York                Michel Ouellet           15     0   3  2  

5 vs 5 Defense 
   Defense                  Defense                                           Time % Phy DF OF 
 1 Jeff Woywitka            Jonathan Ericsson                                 40     1   2  2  
 2 Stephane Robidas         Matt Smaby                                        40     1   2  2  
 3 James Wisniewski         Robyn Regehr                                      15     1   4  0  
 4 Jonathan Ericsson        Jeff Woywitka                                     5      1   2  2  

PowerPlay Forward 
   Center                   Left Wing                Right Wing               Time % Phy DF OF 
 1 Jeff Carter              Dany Heatley             Martin St. Louis         50     1   2  2  
 2 Kyle Wellwood            Patrick Marleau          Loui Eriksson            50     1   2  2  

PowerPlay Defense
   Defense                  Defense                                           Time % Phy DF OF 
 1 Jonathan Ericsson        Jeff Woywitka                                     50     1   2  2  
 2 Stephane Robidas         Matt Smaby                                        50     1   2  2  

Penalty Kill 4 Players Forward 
   Center                   Wing                     Time % Phy DF OF 
 1 Matthew Lombardi         Michel Ouellet           60     0   5  0  
 2 Kyle Wellwood            Dany Heatley             40     0   5  0  

Penalty Kill 4 Players Defense
   Defense                  Defense                  Time % Phy DF OF 
 1 Jeff Woywitka            Jonathan Ericsson        60     0   5  0  
 2 Robyn Regehr             Matt Smaby               40     0   5  0  

Penalty Kill - 3 Players Forward 
   Forward                                           Time % Phy DF OF 
 1 Matthew Lombardi                                  60     0   5  0  
 2 Kyle Wellwood                                     40     0   5  0  

Penalty Kill - 3 Players Defense
   Defense                  Defense                  Time % Phy DF OF 
 1 Stephane Robidas         Jeff Woywitka            60     0   5  0  
 2 Matt Smaby               Robyn Regehr             40     0   5  0  

4 vs 4 Forward 
   Center                   Wing                     Time % Phy DF OF 
 1 Jeff Carter              Martin St. Louis         50     1   2  2  
 2 Kyle Wellwood            Patrick Marleau          50     1   2  2  

4 vs 4 Defense
   Defense                  Defense                  Time % Phy DF OF 
 1 Jonathan Ericsson        Jeff Woywitka            50     1   2  2  
 2 Matt Smaby               Stephane Robidas         50     1   2  2  

Last Minutes Offensive
   Center                   Left Wing                Right Wing               Defense                  Defense                  
   Jeff Carter              Dany Heatley             Martin St. Louis         Stephane Robidas         Jeff Woywitka            

Last Minutes Defensive
   Center                   Left Wing                Right Wing               Defense                  Defense                  
   Matthew Lombardi         Dany Heatley             Martin St. Louis         Jeff Woywitka            Jonathan Ericsson        

Goaltenders
Starting : Cory Schneider           
Backup : Robin Lehner             

Extra Forwards
Normal : Jeff Carter, Martin St. Louis, Patrick Marleau - PP : Jeff Carter, Martin St. Louis - PK : Matthew Lombardi
Extra Defensemen
Normal : Jonathan Ericsson, Jeff Woywitka, Stephane Robidas - PP : Jonathan Ericsson - PK : Jeff Woywitka, Jonathan Ericsson
Penalty Shots
Patrick Marleau, Dany Heatley, Jeff Carter, Loui Eriksson, Kyle Wellwood

Blues

5 vs 5 Forward 
   Center                   Left Wing                Right Wing               Time % Phy DF OF 
 1 Travis Zajac             Paul Kariya              Joe Pavelski             40     1   2  2  
 2 Nicklas Backstrom        David Perron             David Jones              30     1   2  2  
 3 Nik Antropov             Andrew Cogliano          Kyle Okposo              20     1   2  2  
 4 Tyler Arnason            Taylor Pyatt             Lee Stempniak            10     1   2  2  

5 vs 5 Defense 
   Defense                  Defense                                           Time % Phy DF OF 
 1 Mike Green               Steve Montador                                    40     1   2  2  
 2 Kevin Shattenkirk        Bryce Lampman                                     30     1   2  2  
 3 Jake Gardiner            Drew Fata                                         20     1   2  2  
 4 Mike Green               Bryce Lampman                                     10     1   2  2  

PowerPlay Forward 
   Center                   Left Wing                Right Wing               Time % Phy DF OF 
 1 Travis Zajac             Paul Kariya              Joe Pavelski             60     1   2  2  
 2 Nicklas Backstrom        David Perron             Kyle Okposo              40     1   2  2  

PowerPlay Defense
   Defense                  Defense                                           Time % Phy DF OF 
 1 Mike Green               Jake Gardiner                                     60     1   2  2  
 2 Bryce Lampman            Kevin Shattenkirk                                 40     1   2  2  

Penalty Kill 4 Players Forward 
   Center                   Wing                     Time % Phy DF OF 
 1 Nik Antropov             Taylor Pyatt             60     1   2  2  
 2 Tyler Arnason            Andrew Cogliano          40     1   2  2  

Penalty Kill 4 Players Defense
   Defense                  Defense                  Time % Phy DF OF 
 1 Bryce Lampman            Drew Fata                60     1   2  2  
 2 Steve Montador           Jake Gardiner            40     1   2  2  

Penalty Kill - 3 Players Forward 
   Forward                                           Time % Phy DF OF 
 1 Andrew Cogliano                                   60     1   2  2  
 2 Nik Antropov                                      40     1   2  2  

Penalty Kill - 3 Players Defense
   Defense                  Defense                  Time % Phy DF OF 
 1 Drew Fata                Jake Gardiner            60     1   2  2  
 2 Bryce Lampman            Steve Montador           40     1   2  2  

4 vs 4 Forward 
   Center                   Wing                     Time % Phy DF OF 
 1 Nik Antropov             Paul Kariya              60     1   2  2  
 2 Travis Zajac             Joe Pavelski             40     1   2  2  

4 vs 4 Defense
   Defense                  Defense                  Time % Phy DF OF 
 1 Kevin Shattenkirk        Bryce Lampman            60     1   2  2  
 2 Mike Green               Drew Fata                40     1   2  2  

Last Minutes Offensive
   Center                   Left Wing                Right Wing               Defense                  Defense                  
   Nicklas Backstrom        Paul Kariya              Joe Pavelski             Kevin Shattenkirk        Mike Green               

Last Minutes Defensive
   Center                   Left Wing                Right Wing               Defense                  Defense                  
   Nik Antropov             Taylor Pyatt             Joe Pavelski             Bryce Lampman            Drew Fata                

Goaltenders
Starting : Tuukka Rask              
Backup : Adam Munro               

Extra Forwards
Normal : Andrew Cogliano, Taylor Pyatt, Joe Pavelski - PP : Andrew Cogliano, Taylor Pyatt - PK : Kyle Okposo
Extra Defensemen
Normal : Drew Fata, Kevin Shattenkirk, Bryce Lampman - PP : Steve Montador - PK : Jake Gardiner, Kevin Shattenkirk
Penalty Shots
David Perron, Mike Green, Joe Pavelski, Andrew Cogliano, Travis Zajac

% Time on Ice - Flyers

Lines # - Real PCT - Wanted PCT - Time Play
Normal Forward
1 - 31% - 35% - 13:30
2 - 31% - 35% - 13:50
3 - 21% - 15% - 9:03
4 - 17% - 15% - 7:38
Normal Defense
1 - 36% - 40% - 15:47
2 - 35% - 40% - 15:15
3 - 24% - 15% - 10:45
4 - 5% - 5% - 2:14
PP Forward
1 - 50% - 50% - 5:00
2 - 50% - 50% - 4:55
PP Defense
1 - 49% - 50% - 4:53
2 - 51% - 50% - 5:02
PK Forward
1 - 86% - 60% - 5:07
2 - 14% - 40% - 0:50
PK Defense
1 - 45% - 60% - 2:42
2 - 55% - 40% - 3:15
PK3 Forward
1 - 0% - 60%
2 - 0% - 40%
PK3 Defense
1 - 0% - 60%
2 - 0% - 40%
44 Forward
1 - 0% - 50%
2 - 0% - 50%
44 Defense
1 - 0% - 50%
2 - 0% - 50%
Last Minute Offensive  - 0:07
Last Minute Defensive  - 0:00
Total
Forward - 60:00
Defense - 60:00

% Time on Ice - Blues

Lines # - Real PCT - Wanted PCT - Time Play
Normal Forward
1 - 33% - 40% - 14:25
2 - 29% - 30% - 12:52
3 - 23% - 20% - 10:09
4 - 15% - 10% - 6:35
Normal Defense
1 - 43% - 40% - 18:46
2 - 30% - 30% - 13:09
3 - 20% - 20% - 8:47
4 - 8% - 10% - 3:19
PP Forward
1 - 53% - 60% - 3:09
2 - 47% - 40% - 2:48
PP Defense
1 - 56% - 60% - 3:19
2 - 44% - 40% - 2:38
PK Forward
1 - 75% - 60% - 7:29
2 - 25% - 40% - 2:26
PK Defense
1 - 51% - 60% - 5:02
2 - 49% - 40% - 4:53
PK3 Forward
1 - 0% - 60%
2 - 0% - 40%
PK3 Defense
1 - 0% - 60%
2 - 0% - 40%
44 Forward
1 - 0% - 60%
2 - 0% - 40%
44 Defense
1 - 0% - 60%
2 - 0% - 40%
Last Minute Offensive  - 0:00
Last Minute Defensive  - 0:07
Total
Forward - 60:00
Defense - 60:00

Play by Play

1st period


0:01 of 1st period - Travis Zajac wins face-off versus Jeff Carter in neutral zone.
0:05 of 1st period - Off-side.
0:06 of 1st period - Travis Zajac wins face-off versus Jeff Carter in neutral zone.
0:11 of 1st period - Wrist shot by Martin St. Louis.
0:11 of 1st period - Stopped by Tuukka Rask with a rebound.
0:17 of 1st period - Slapshot by Mike Green.
0:17 of 1st period - Shot Blocked by Jeff Woywitka.
0:19 of 1st period - Slapshot by Mike Green.
0:19 of 1st period - Stopped by Cory Schneider without a rebound.
0:20 of 1st period - Nicklas Backstrom wins face-off versus Kyle Wellwood in Flyers zone.
0:21 of 1st period - Snap shot by David Perron.
0:21 of 1st period - Stopped by Cory Schneider with a rebound.
0:53 of 1st period - Wrist shot by Tyler Arnason.
0:53 of 1st period - Shot Blocked by Matthew Lombardi.
0:55 of 1st period - Snap shot by Taylor Pyatt.
0:55 of 1st period - Stopped by Cory Schneider without a rebound.
0:56 of 1st period - Jeff O'Neill wins face-off versus Nik Antropov in Flyers zone.
1:21 of 1st period - Robyn Regehr is hit by Bryce Lampman and loses puck.
3:11 of 1st period - Wrist shot by Jeff Carter.
3:11 of 1st period - Shot Misses the Net.
3:13 of 1st period - Slapshot by Matt Smaby.
3:13 of 1st period - Deflect By Kevin Shattenkirk.
3:13 of 1st period - Stopped by Tuukka Rask without a rebound.
3:14 of 1st period - Travis Zajac wins face-off versus Jeff Carter in Blues zone.
3:27 of 1st period - Snap shot by Paul Kariya.
3:27 of 1st period - Deflect By Joe Pavelski.
3:27 of 1st period - Stopped by Cory Schneider without a rebound.
3:28 of 1st period - Kyle Wellwood wins face-off versus Travis Zajac in Flyers zone.
3:37 of 1st period - Wrist shot by Loui Eriksson.
3:37 of 1st period - Shot Misses the Net.
3:39 of 1st period - Slapshot by Jeff Woywitka.
3:39 of 1st period - Deflect By Patrick Marleau.
3:39 of 1st period - Shot Hit the Post.
3:39 of 1st period - Puck is out of play.
3:40 of 1st period - Jeff Carter wins face-off versus Nicklas Backstrom in Blues zone.
5:18 of 1st period - Snap shot by Nicklas Backstrom.
5:18 of 1st period - Stopped by Cory Schneider without a rebound.
5:19 of 1st period - Jeff Carter wins face-off versus Travis Zajac in Flyers zone.
5:19 of 1st period - Jeff Carter is hit by Joe Pavelski.
5:29 of 1st period - Snap shot by Dany Heatley.
5:29 of 1st period - Deflect By Mike Green.
5:29 of 1st period - Shot Misses the Net.
5:29 of 1st period - Puck is out of play.
5:30 of 1st period - Jeff Carter wins face-off versus Travis Zajac in Blues zone.
5:56 of 1st period - Nicklas Backstrom is hit by Patrick Marleau and loses puck.
6:01 of 1st period - Wrist shot by Kyle Wellwood.
6:01 of 1st period - Shot Misses the Net.
6:37 of 1st period - Matthew Lombardi is hit by Steve Montador and loses puck.
7:16 of 1st period - Snap shot by Patrick Marleau.
7:16 of 1st period - Deflect By Loui Eriksson.
7:16 of 1st period - Shot Blocked by Nicklas Backstrom.
7:16 of 1st period - Puck is out of play.
7:17 of 1st period - Kyle Wellwood wins face-off versus David Perron in Blues zone.
7:18 of 1st period - Wrist shot by Loui Eriksson.
7:18 of 1st period - Stopped by Tuukka Rask with a rebound.
7:20 of 1st period - Wrist shot by Loui Eriksson.
7:20 of 1st period - Shot Misses the Net.
7:22 of 1st period - Slapshot by Stephane Robidas.
7:22 of 1st period - Shot Blocked by David Jones.
7:24 of 1st period - Slapshot by Stephane Robidas.
7:24 of 1st period - Stopped by Tuukka Rask with a rebound.
7:30 of 1st period - Snap shot by Loui Eriksson.
7:30 of 1st period - Shot Misses the Net.
7:32 of 1st period - Slapshot by Loui Eriksson.
7:32 of 1st period - Stopped by Tuukka Rask with a rebound.
7:38 of 1st period - Minor Penalty to David Jones for Hooking.
7:39 of 1st period - Nik Antropov wins face-off versus Jeff Carter in Blues zone.
7:49 of 1st period - Off-side.
7:50 of 1st period - Kyle Wellwood wins face-off versus Taylor Pyatt in neutral zone.
8:01 of 1st period - Slapshot by Loui Eriksson.
8:01 of 1st period - Shot Blocked by Drew Fata.
9:38 of 1st period - Penalty to David Jones is over, David Jones is back on ice.
10:14 of 1st period - Wrist shot by Paul Kariya.
10:14 of 1st period - Stopped by Cory Schneider without a rebound.
10:15 of 1st period - Travis Zajac wins face-off versus Matthew Lombardi in Flyers zone.
10:47 of 1st period - Snap shot by Michel Ouellet.
10:47 of 1st period - Shot Misses the Net.
11:01 of 1st period - Joe Pavelski is hit by Jeff Carter and loses puck.
11:14 of 1st period - Robyn Regehr is hit by Paul Kariya and loses puck.
11:29 of 1st period - Nicklas Backstrom is hit by Loui Eriksson and loses puck.
11:54 of 1st period - Slapshot by Rostislav Olesz.
11:54 of 1st period - Stopped by Tuukka Rask without a rebound.
11:55 of 1st period - Nik Antropov wins face-off versus Kyle Wellwood in Blues zone.
12:09 of 1st period - Off-side.
12:10 of 1st period - Nicklas Backstrom wins face-off versus Jeff Carter in neutral zone.
12:19 of 1st period - Slapshot by Jonathan Ericsson.
12:19 of 1st period - Stopped by Tuukka Rask without a rebound.
12:20 of 1st period - Nicklas Backstrom wins face-off versus Jeff Carter in Blues zone.
12:59 of 1st period - Snap shot by Jeff Carter.
12:59 of 1st period - Stopped by Tuukka Rask without a rebound.
13:00 of 1st period - Kyle Wellwood wins face-off versus Travis Zajac in Blues zone.
13:25 of 1st period - Stephane Robidas is hit by Drew Fata.
13:29 of 1st period - Wrist shot by Andrew Cogliano.
13:29 of 1st period - Shot Misses the Net.
13:31 of 1st period - Snap shot by Andrew Cogliano.
13:31 of 1st period - Shot Misses the Net.
13:33 of 1st period - Wrist shot by Nik Antropov.
13:33 of 1st period - Stopped by Cory Schneider without a rebound.
13:34 of 1st period - Nicklas Backstrom wins face-off versus Kyle Wellwood in Flyers zone.
13:43 of 1st period - Wrist shot by Nicklas Backstrom.
13:43 of 1st period - Stopped by Cory Schneider with a rebound.
14:05 of 1st period - Slapshot by Kyle Wellwood.
14:05 of 1st period - Stopped by Tuukka Rask with a rebound.
14:07 of 1st period - Snap shot by Patrick Marleau.
14:07 of 1st period - Shot Blocked by Kevin Shattenkirk.
14:09 of 1st period - Wrist shot by Patrick Marleau.
14:09 of 1st period - Shot Blocked by David Jones.
14:11 of 1st period - Snap shot by Kyle Wellwood.
14:11 of 1st period - Shot Misses the Net.
14:13 of 1st period - Slapshot by Jeff Woywitka.
14:13 of 1st period - Deflect By Bryce Lampman.
14:13 of 1st period - Stopped by Tuukka Rask without a rebound.
14:14 of 1st period - Jeff Carter wins face-off versus Travis Zajac in Blues zone.
14:19 of 1st period - Snap shot by Dany Heatley.
14:19 of 1st period - Stopped by Tuukka Rask without a rebound.
14:20 of 1st period - Travis Zajac wins face-off versus Martin St. Louis in Blues zone.
14:33 of 1st period - Snap shot by Dany Heatley.
14:33 of 1st period - Deflect By Martin St. Louis.
14:33 of 1st period - Stopped by Tuukka Rask with a rebound.
15:03 of 1st period - Snap shot by Paul Kariya.
15:03 of 1st period - Shot Misses the Net.
16:09 of 1st period - Snap shot by Dany Heatley.
16:09 of 1st period - Stopped by Tuukka Rask without a rebound.
16:10 of 1st period - Nik Antropov wins face-off versus Kyle Wellwood in Blues zone.
16:14 of 1st period - Off-side.
16:15 of 1st period - Nik Antropov wins face-off versus Kyle Wellwood in neutral zone.
16:48 of 1st period - Snap shot by Nicklas Backstrom.
16:48 of 1st period - Stopped by Cory Schneider without a rebound.
16:49 of 1st period - Kyle Wellwood wins face-off versus Nik Antropov in Flyers zone.
17:52 of 1st period - Backhand shot by Nicklas Backstrom.
17:52 of 1st period - Shot Blocked by Robyn Regehr.
17:54 of 1st period - Wrist shot by Nicklas Backstrom.
17:54 of 1st period - Deflect By David Perron.
17:54 of 1st period - Stopped by Cory Schneider without a rebound.
17:55 of 1st period - Patrick Marleau wins face-off versus Nik Antropov in Flyers zone.
18:09 of 1st period - Wrist shot by Andrew Cogliano.
18:09 of 1st period - Stopped by Cory Schneider without a rebound.
18:10 of 1st period - Travis Zajac wins face-off versus Martin St. Louis in Flyers zone.
18:13 of 1st period - Snap shot by Joe Pavelski.
18:13 of 1st period - Shot Misses the Net.
18:21 of 1st period - Snap shot by Martin St. Louis.
18:21 of 1st period - Stopped by Tuukka Rask without a rebound.
18:22 of 1st period - Nik Antropov wins face-off versus Loui Eriksson in Blues zone.
18:29 of 1st period - Snap shot by Nik Antropov.
18:29 of 1st period - Deflect By Loui Eriksson.
18:29 of 1st period - Shot Misses the Net.
18:29 of 1st period - Puck is out of play.
18:30 of 1st period - Nik Antropov wins face-off versus Kyle Wellwood in Flyers zone.
18:33 of 1st period - Slapshot by Andrew Cogliano.
18:33 of 1st period - Stopped by Cory Schneider with a rebound.
18:43 of 1st period - Backhand shot by Nik Antropov.
18:43 of 1st period - Goal by Nik Antropov - Flyers : 0 - Blues : 1.
18:44 of 1st period - Kyle Wellwood wins face-off versus Travis Zajac in neutral zone.
19:12 of 1st period - Off-side.
19:13 of 1st period - Jeff Carter wins face-off versus Tyler Arnason in neutral zone.
19:38 of 1st period - Snap shot by Taylor Pyatt.
19:38 of 1st period - Shot Misses the Net.
19:40 of 1st period - Slapshot by Drew Fata.
19:40 of 1st period - Shot Hit the Post.
19:42 of 1st period - Wrist shot by Taylor Pyatt.
19:42 of 1st period - Shot Blocked by Dany Heatley.
19:44 of 1st period - Slapshot by Drew Fata.
19:44 of 1st period - Shot Misses the Net.
19:46 of 1st period - Slapshot by Jake Gardiner.
19:46 of 1st period - Deflect By Jeff Woywitka.
19:46 of 1st period - Stopped by Cory Schneider without a rebound.
19:47 of 1st period - Travis Zajac wins face-off versus Kyle Wellwood in Flyers zone.
19:48 of 1st period - Snap shot by Joe Pavelski.
19:48 of 1st period - Deflect By Travis Zajac.
19:48 of 1st period - Shot Blocked by Matt Smaby.
19:48 of 1st period - Puck is out of play.
19:49 of 1st period - Kyle Wellwood wins face-off versus Travis Zajac in Flyers zone.
Goals for this period are 0 for Flyers vs 1 for Blues.
Shots for this period are 14 for Flyers vs 14 for Blues.

2nd period


0:01 of 2nd period - Nicklas Backstrom wins face-off versus Kyle Wellwood in neutral zone.
1:03 of 2nd period - Slapshot by Martin St. Louis.
1:03 of 2nd period - Deflect By Jeff Carter.
1:03 of 2nd period - Shot Misses the Net.
1:03 of 2nd period - Puck is out of play.
1:04 of 2nd period - Kyle Wellwood wins face-off versus Nicklas Backstrom in Blues zone.
1:05 of 2nd period - Slapshot by Loui Eriksson.
1:05 of 2nd period - Stopped by Tuukka Rask without a rebound.
1:06 of 2nd period - Nicklas Backstrom wins face-off versus Patrick Marleau in Blues zone.
1:06 of 2nd period - Nicklas Backstrom is hit by Loui Eriksson.
1:38 of 2nd period - Wrist shot by Jeff Carter.
1:38 of 2nd period - Stopped by Tuukka Rask with a rebound.
1:40 of 2nd period - Snap shot by Martin St. Louis.
1:40 of 2nd period - Shot Misses the Net.
1:42 of 2nd period - Wrist shot by Jeff Carter.
1:42 of 2nd period - Stopped by Tuukka Rask without a rebound.
1:43 of 2nd period - Nik Antropov wins face-off versus Kyle Wellwood in Blues zone.
2:19 of 2nd period - Slapshot by Jeff Woywitka.
2:19 of 2nd period - Deflect By Patrick Marleau.
2:19 of 2nd period - Stopped by Tuukka Rask with a rebound.
2:37 of 2nd period - Snap shot by Kyle Wellwood.
2:37 of 2nd period - Shot Misses the Net.
2:48 of 2nd period - Minor Penalty to Nicklas Backstrom for Tripping.
2:49 of 2nd period - Jeff Carter wins face-off versus Nik Antropov in Blues zone.
4:30 of 2nd period - Andrew Cogliano is hit by Jeff Carter and loses puck.
4:48 of 2nd period - Penalty to Nicklas Backstrom is over, Nicklas Backstrom is back on ice.
7:19 of 2nd period - Rostislav Olesz is hit by Nik Antropov.
7:31 of 2nd period - Wrist shot by Mike York.
7:31 of 2nd period - Stopped by Tuukka Rask without a rebound.
7:32 of 2nd period - Travis Zajac wins face-off versus Jeff O'Neill in Blues zone.
8:03 of 2nd period - Nicklas Backstrom is hit by Martin St. Louis and loses puck.
8:25 of 2nd period - Snap shot by Andrew Cogliano.
8:25 of 2nd period - Shot Misses the Net.
8:27 of 2nd period - Slapshot by Kevin Shattenkirk.
8:27 of 2nd period - Stopped by Cory Schneider without a rebound.
8:28 of 2nd period - Kyle Wellwood wins face-off versus Travis Zajac in Flyers zone.
8:28 of 2nd period - Kyle Wellwood is hit by Joe Pavelski.
8:36 of 2nd period - Wrist shot by Loui Eriksson.
8:36 of 2nd period - Stopped by Tuukka Rask with a rebound.
8:46 of 2nd period - Robyn Regehr is hit by Paul Kariya and loses puck.
9:03 of 2nd period - Slapshot by Drew Fata.
9:03 of 2nd period - Stopped by Cory Schneider with a rebound.
9:06 of 2nd period - Icing by Patrick Marleau.
9:07 of 2nd period - Nik Antropov wins face-off versus Kyle Wellwood in Flyers zone.
9:08 of 2nd period - Wrist shot by Andrew Cogliano.
9:08 of 2nd period - Shot Misses the Net.
9:10 of 2nd period - Snap shot by Nik Antropov.
9:10 of 2nd period - Shot Blocked by James Wisniewski.
9:12 of 2nd period - Slapshot by Steve Montador.
9:12 of 2nd period - Shot Blocked by Kyle Wellwood.
9:14 of 2nd period - Slapshot by Steve Montador.
9:14 of 2nd period - Stopped by Cory Schneider with a rebound.
9:16 of 2nd period - Slapshot by Steve Montador.
9:16 of 2nd period - Stopped by Cory Schneider without a rebound.
9:17 of 2nd period - Jeff Carter wins face-off versus Nik Antropov in Flyers zone.
9:17 of 2nd period - Jeff Carter is hit by Steve Montador.
9:58 of 2nd period - Snap shot by Andrew Cogliano.
9:58 of 2nd period - Shot Misses the Net.
10:17 of 2nd period - Minor Penalty to Matthew Lombardi for Roughing.
10:18 of 2nd period - Jeff Carter wins face-off versus Travis Zajac in Flyers zone.
10:30 of 2nd period - Wrist shot by Travis Zajac.
10:30 of 2nd period - Shot Misses the Net.
10:32 of 2nd period - Snap shot by Kevin Shattenkirk.
10:32 of 2nd period - Shot Misses the Net.
10:34 of 2nd period - Slapshot by Bryce Lampman.
10:34 of 2nd period - Shot Blocked by Matt Smaby.
12:17 of 2nd period - Penalty to Matthew Lombardi is over, Matthew Lombardi is back on ice.
12:23 of 2nd period - Slapshot by Stephane Robidas.
12:23 of 2nd period - Stopped by Tuukka Rask without a rebound.
12:24 of 2nd period - Matthew Lombardi wins face-off versus Tyler Arnason in Blues zone.
12:39 of 2nd period - Wrist shot by Matthew Lombardi.
12:39 of 2nd period - Shot Misses the Net.
12:41 of 2nd period - Minor Penalty to Taylor Pyatt for Tripping.
12:42 of 2nd period - Nik Antropov wins face-off versus Kyle Wellwood in Blues zone.
13:15 of 2nd period - Wrist shot by Jonathan Ericsson.
13:15 of 2nd period - Shot Misses the Net.
13:51 of 2nd period - Andrew Cogliano is hit by Stephane Robidas and loses puck.
14:12 of 2nd period - Wrist shot by David Perron.
14:12 of 2nd period - Stopped by Cory Schneider with a rebound.
14:23 of 2nd period - Off-side.
14:24 of 2nd period - Nicklas Backstrom wins face-off versus Martin St. Louis in neutral zone.
14:41 of 2nd period - Penalty to Taylor Pyatt is over, Taylor Pyatt is back on ice.
15:07 of 2nd period - Nik Antropov is hit by Robyn Regehr and loses puck.
15:19 of 2nd period - Minor Penalty to Matt Smaby for High sticking.
15:20 of 2nd period - Matthew Lombardi wins face-off versus Travis Zajac in Flyers zone.
15:26 of 2nd period - Wrist shot by Joe Pavelski.
15:26 of 2nd period - Shot Misses the Net.
15:46 of 2nd period - Jonathan Ericsson is hit by David Perron and loses puck.
17:09 of 2nd period - Kevin Shattenkirk is hit by James Wisniewski and loses puck.
17:19 of 2nd period - Penalty to Matt Smaby is over, Matt Smaby is back on ice.
17:28 of 2nd period - Snap shot by Lee Stempniak.
17:28 of 2nd period - Stopped by Cory Schneider with a rebound.
17:48 of 2nd period - Snap shot by Kyle Wellwood.
17:48 of 2nd period - Shot Misses the Net.
18:47 of 2nd period - Slapshot by Rostislav Olesz.
18:47 of 2nd period - Shot Blocked by Bryce Lampman.
19:25 of 2nd period - Travis Zajac is hit by Jonathan Ericsson and loses puck.
19:53 of 2nd period - Kyle Okposo is hit by Matthew Lombardi and loses puck.
Goals for this period are 0 for Flyers vs 0 for Blues.
Shots for this period are 7 for Flyers vs 6 for Blues.

3rd period


0:01 of 3rd period - Jeff Carter wins face-off versus Travis Zajac in neutral zone.
0:06 of 3rd period - Backhand shot by Jeff Carter.
0:06 of 3rd period - Shot Misses the Net.
0:16 of 3rd period - Backhand shot by Steve Montador.
0:16 of 3rd period - Stopped by Cory Schneider with a rebound.
0:26 of 3rd period - Jeff Carter is hit by Nik Antropov.
0:40 of 3rd period - Wrist shot by Dany Heatley.
0:40 of 3rd period - Shot Misses the Net.
0:56 of 3rd period - Slapshot by Dany Heatley.
0:56 of 3rd period - Shot Misses the Net.
1:36 of 3rd period - Icing by Jeff Carter.
1:37 of 3rd period - Travis Zajac wins face-off versus Jeff Carter in Flyers zone.
2:40 of 3rd period - Minor Penalty to Tyler Arnason for Roughing.
2:41 of 3rd period - Nik Antropov wins face-off versus Kyle Wellwood in Blues zone.
2:54 of 3rd period - Steve Montador is hit by Loui Eriksson and loses puck.
3:23 of 3rd period - Snap shot by Mike York.
3:23 of 3rd period - Stopped by Tuukka Rask with a rebound.
3:25 of 3rd period - Wrist shot by Mike York.
3:25 of 3rd period - Shot Misses the Net.
4:40 of 3rd period - Penalty to Tyler Arnason is over, Tyler Arnason is back on ice.
4:48 of 3rd period - Matthew Lombardi is hit by Travis Zajac and loses puck.
4:55 of 3rd period - Snap shot by Travis Zajac.
4:55 of 3rd period - Deflect By Joe Pavelski.
4:55 of 3rd period - Stopped by Cory Schneider with a rebound.
5:25 of 3rd period - Mike York is hit by Lee Stempniak and loses puck.
5:40 of 3rd period - Slapshot by Travis Zajac.
5:40 of 3rd period - Shot Misses the Net.
7:14 of 3rd period - Patrick Marleau is hit by Travis Zajac and loses puck.
7:27 of 3rd period - Stephane Robidas is hit by Lee Stempniak.
7:49 of 3rd period - Dany Heatley is hit by David Perron and loses puck.
8:48 of 3rd period - Minor Penalty to Loui Eriksson for Hooking.
8:49 of 3rd period - Matthew Lombardi wins face-off versus Travis Zajac in Flyers zone.
9:02 of 3rd period - Slapshot by Mike Green.
9:02 of 3rd period - Shot Blocked by Matt Smaby.
9:04 of 3rd period - Slapshot by Travis Zajac.
9:04 of 3rd period - Shot Misses the Net.
10:48 of 3rd period - Penalty to Loui Eriksson is over, Loui Eriksson is back on ice.
10:53 of 3rd period - Dany Heatley is hit by Tyler Arnason and loses puck.
10:58 of 3rd period - Snap shot by Tyler Arnason.
10:58 of 3rd period - Stopped by Cory Schneider with a rebound.
11:00 of 3rd period - Wrist shot by Taylor Pyatt.
11:00 of 3rd period - Stopped by Cory Schneider without a rebound.
11:01 of 3rd period - Kyle Wellwood wins face-off versus Tyler Arnason in Flyers zone.
11:10 of 3rd period - Matt Smaby is hit by Tyler Arnason.
11:14 of 3rd period - Lee Stempniak is hit by Stephane Robidas and loses puck.
13:02 of 3rd period - Snap shot by Matthew Lombardi.
13:02 of 3rd period - Stopped by Tuukka Rask with a rebound.
13:06 of 3rd period - Wrist shot by Rostislav Olesz.
13:06 of 3rd period - Stopped by Tuukka Rask without a rebound.
13:07 of 3rd period - Kyle Wellwood wins face-off versus Nicklas Backstrom in Blues zone.
13:08 of 3rd period - Wrist shot by Loui Eriksson.
13:08 of 3rd period - Stopped by Tuukka Rask with a rebound.
13:22 of 3rd period - Snap shot by Patrick Marleau.
13:22 of 3rd period - Stopped by Tuukka Rask with a rebound.
13:38 of 3rd period - Jeff O'Neill is hit by David Perron and loses puck.
13:49 of 3rd period - Wrist shot by Nicklas Backstrom.
13:49 of 3rd period - Shot Blocked by Jeff Woywitka.
14:03 of 3rd period - Backhand shot by David Perron.
14:03 of 3rd period - Shot Misses the Net.
14:05 of 3rd period - Snap shot by Jake Gardiner.
14:05 of 3rd period - Shot Blocked by Jeff Woywitka.
14:07 of 3rd period - Snap shot by David Jones.
14:07 of 3rd period - Shot Misses the Net.
14:09 of 3rd period - Snap shot by Nicklas Backstrom.
14:09 of 3rd period - Stopped by Cory Schneider without a rebound.
14:10 of 3rd period - Kyle Wellwood wins face-off versus Travis Zajac in Flyers zone.
14:10 of 3rd period - Kyle Wellwood is hit by Travis Zajac.
14:36 of 3rd period - Matt Smaby is hit by Tyler Arnason.
15:47 of 3rd period - Snap shot by Michel Ouellet.
15:47 of 3rd period - Stopped by Tuukka Rask without a rebound.
15:48 of 3rd period - Nik Antropov wins face-off versus Jeff Carter in Blues zone.
15:48 of 3rd period - Nik Antropov is hit by Martin St. Louis.
16:06 of 3rd period - Kyle Okposo is hit by Dany Heatley and loses puck.
16:42 of 3rd period - Icing by David Perron.
16:43 of 3rd period - Nicklas Backstrom wins face-off versus Matthew Lombardi in Blues zone.
17:52 of 3rd period - Minor Penalty to David Jones for Roughing.
17:53 of 3rd period - Nik Antropov wins face-off versus Jeff Carter in Blues zone.
18:24 of 3rd period - Andrew Cogliano is hit by Jeff Woywitka and loses puck.
19:17 of 3rd period - Jeff Woywitka is hit by Bryce Lampman and loses puck.
19:52 of 3rd period - Penalty to David Jones is over, David Jones is back on ice.
19:58 of 3rd period - Snap shot by Nicklas Backstrom.
19:58 of 3rd period - Shot Blocked by Matt Smaby.
Goals for this period are 0 for Flyers vs 0 for Blues.
Shots for this period are 6 for Flyers vs 5 for Blues.


Output by the SimonT Hockey Simulator (STHS) for François Prévost -- Original Page W3C XHTML 1.0 Valid
Hockey Simulator - Hockey Simulation - Hockey Manager